 Dungeon Crawl Stone Soup version 0.26-a0-307-g4e7fcc93f0 (webtiles) character file.

Game seed: 5762800420869262979

0 Gargoyl the Skirmisher (level 1, -2/19 HPs)
             Began as a Palentonga Abyssal Knight on July 15, 2020.
             Was a Follower of Lugonu.
             Slain by a spatial maelstrom (4 damage)
             ... on level 2 of the Abyss.
             The game lasted 00:00:27 (165 turns).

Gargoyl the Skirmisher (Palentonga Abyssal Knight)   Turns: 165, Time: 00:00:28

Health: -2/19      AC:  4    Str: 15    XL:     1   Next: 0%
Magic:  2/2        EV:  9    Int: 12    God:    Lugonu [*.....]
Gold:   0          SH:  0    Dex:  9    Spells: 0/0 levels left

rFire    . . .     SeeInvis +   a - +1 hand axe
rCold    . . .     Faith    .   (no shield)
rNeg     . . .     Spirit   .   b - +0 leather armour
rPois    .         Reflect  .   (no helmet)
rElec    .         Harm     .   (no cloak)
rCorr    .                      (no gloves)
MR       .....                  (boots restricted)
Stlth    +.........             (no amulet)
HPRegen  0.06/turn              (no ring)
MPRegen  0.08/turn              (no ring)

@: no status effects
A: large, rugged brown scales 3, see invisible, deformed body, roll, armoured
tail
a: Rolling Charge, Depart the Abyss, Renounce Religion


You were on level 2 of the Abyss.
You worshipped Lugonu.
Lugonu was aware of your devotion.
You visited 0 branches of the dungeon, and saw 0 of its levels.
You visited the Abyss 1 time.

Inventory:

Hand Weapons
 a - a +1 hand axe (weapon)
Armour
 b - a +0 leather armour (worn)


   Skills:
 + Level 3.0 Fighting
 + Level 2.0 Axes
 + Level 1.5 Armour
 + Level 0.7 Dodging
 + Level 2.0 Invocations


You couldn't memorise any spells.
You didn't know any spells.
Your spell library was empty.

Dungeon Overview and Level Annotations

Branches:
Dungeon (0/15)

Altars:


Innate Abilities, Weirdness & Mutations

You are completely covered in rugged brown scales. (AC +3, +7% HP)
You have supernaturally acute eyesight. (SInv)
Armour fits poorly on your strangely shaped body.
You can roll at foes to attack.
You have a long armoured tail.


Message History

c - an amethyst potion
There are no items here.
It was a potion of heal wounds.
You feel much better.
A spatial maelstrom comes into view. 2 blink frogs come into view.
The blink frog gives a loud, deep croak!
You hear a croak.
You hear a roar!
A spatial vortex comes into view.
A blink frog comes into view.
A blink frog comes into view.
The blink frog croaks.
The blink frog gives a loud, deep croak!
The blink frog blinks! x3
Found 29 gold pieces.
A spatial vortex comes into view.
A spatial vortex comes into view.
The spatial maelstrom hits you!
Ouch! That really hurt!
* * * LOW HITPOINT WARNING * * *
Space bends around you.
You die...

.....# .... ....## ##..# .
...... #.#.......#...#...
.ยง..... #.....# .........
. ......v#.## ..#..... . .
.....FF.#.##..#...#....
...
....#..F..#.#.............
. ..F#.#..#..####.#......
. ... ####v.##.# #. ###. #
#.. ##@.# # .. #### ..
#..### ### . ###


You could see a spatial maelstrom, a spatial vortex and 3 blink frogs.

Vanquished Creatures (others)
  4 starspawn tentacles (Abyss:1)
4 creatures vanquished.

Notes
Turn   | Place    | Note
-------+----------+-------------------------------------------
     0 | Abyss:1  | Gargoyl the Palentonga Abyssal Knight began the quest for
                  | the Orb.
     0 | Abyss:1  | Reached XP level 1. HP: 19/19 MP: 2/2
    13 | Abyss:1  | Found a corrupted altar of Lugonu.
    68 | Abyss:1  | Noticed a tentacled starspawn
    85 | Abyss:1  | Noticed a worldbinder
    93 | Abyss:1  | Noticed a jumping spider
    93 | Abyss:1  | Noticed a tarantella
    94 | Abyss:1  | Noticed an orb spider
   130 | Abyss:2  | Noticed a small abomination
   159 | Abyss:2  | Noticed a spatial maelstrom
   160 | Abyss:2  | Noticed a blink frog
   160 | Abyss:2  | Noticed a blink frog
   160 | Abyss:2  | Noticed a spatial vortex
   160 | Abyss:2  | Noticed a blink frog
   161 | Abyss:2  | Noticed a blink frog
   163 | Abyss:2  | Noticed a spatial vortex
   164 | Abyss:2  | Noticed a spatial vortex
   165 | Abyss:2  | Slain by a spatial maelstrom

Illustrated notes

Levels and vault maps discovered:
Abyss:2:  bh_silent_lugonu_exit

Action                   || total
-------------------------++-------
  Use: Potion            ||     1
Armor: Leather armour    ||     3
Dodge: Dodged            ||     1

Table legend:
 A = Non-vault XP
 B = Vault XP
 C = Vault XP percentage of total XP
 D = Non-vault monster count
 E = Vault monster count
 F = Vault count percentage of total count
                 A         B        C        D         E       F
            +---------+---------+-------+---------+---------+-------
      Total |       0 |       0 |   N/A |       0 |       0 |  -nan
            +---------+---------+-------+---------+---------+-------
            +---------+---------+-------+---------+---------+-------
